 Dungeon Sprint DCSS version 0.17-a0-1210-g1e4f09d (webtiles) character file.

168 Kidiri the Covert (level 5, -1/28 HPs)
             Began as a Spriggan Assassin on June 4, 2015.
             Was a Follower of Dithmenos.
             Slain by a tengu warrior
             ... wielding a +0 long sword
              (8 damage)
             ... in the Dungeon (Sprint IX: "|||||||||||||||||||||||||||||").
             The game lasted 00:03:05 (544 turns).

Kidiri the Covert (Spriggan Assassin)                Turns: 544, Time: 00:03:07

Health: -1/28      AC:  3    Str: 13    XL:     5   Next: 23%
Magic:  6/6        EV: 24    Int: 12    God:    Dithmenos [*.....]
Gold:   0          SH:  0    Dex: 19    Spells: 0 memorised, 4 levels left

rFire  . . .     SeeInvis +     b - +0 blowgun
rCold  . . .     Clarity  .     c - +0 robe
rNeg   . . .     SustAt   .     (shield restricted)
rPois  .         Gourm    .     (helmet restricted)
rElec  .         Spirit   .     d - +0 cloak
rCorr  .         Warding  .     (gloves unavailable)
rMut   .         NoTele   +     (boots unavailable)
MR     .....                    (no amulet)
Stlth  ++++++....               r - +3 ring of strength
                                q - +3 ring of strength

@: slowed, wreathed by umbra, quick, not resistant to hostile enchantments, very
stealthy
A: unfitting armour, see invisible, herbivore 3, speed 3, slow metabolism 2
a: Renounce Religion


You were in the Dungeon.
You worshipped Dithmenos.
Dithmenos was aware of your devotion.
You were not hungry.

You visited 1 branch

Inventory:

Hand weapons
 a - a +2 dagger
 b - a +0 blowgun (weapon)
Missiles
 e - 4 poisoned needles (quivered)
Armour
 c - a +0 robe (worn)
 d - a +0 cloak (worn)
Jewellery
 q - a +3 ring of strength (left hand)
 r - a +3 ring of strength (right hand)
Scrolls
 m - 2 scrolls of blinking
 o - 3 scrolls of remove curse
 p - 2 scrolls of amnesia
Potions
 h - 5 potions of curing
 i - 3 potions of heal wounds
 j - a potion of haste
 k - 4 potions of magic
 l - a potion of berserk rage
 n - a potion of invisibility
Comestibles
 g - a bread ration


   Skills:
 + Level 3.3 Fighting
 * Level 5.9 Short Blades
 + Level 4.3 Throwing
 * Level 7.7 Dodging
 * Level 10.0 Stealth


You had 4 spell levels left.
You didn't know any spells.

Dungeon Overview and Level Annotations

Branches:
Dungeon (1/1)

Altars:
Cheibriados
Dithmenos
Elyvilon
Fedhas
Gozag
Kikubaaqudgha
Makhleb
Nemelex Xobeh
Okawaru
Qazlal
Ru
Sif Muna
Trog
Vehumet
Xom
Yredelemnul
Zin
The Shining One
Beogh
Jiyva
Lugonu


Innate Abilities, Weirdness & Mutations

You are tiny and cannot use many weapons and most armour.
You have supernaturally acute eyesight.
You are a herbivore.
You cover ground extremely quickly.
You need consume almost no food.


Message History

Quiver which item? (- for none, * to show all) (? for menu, Esc to quit)
Quivering
f - 2 curare-tipped needles for blowguns.
Firing (i - inventory. (,) - cycle):
f - 2 curare-tipped needles (quivered)
Press: ? - help, Shift-Dir - straight line, f - tengu warrior, p - orc wizard
Aim: a tengu warrior, wielding a long sword, wearing a leather armour and wearing a shiny shield (lightly wounded, poisoned, umbra)
You shoot a curare-tipped needle.
The curare-tipped needle hits the tengu warrior.
The tengu warrior looks even sicker.
The tengu warrior convulses.
The tengu warrior seems to slow down.
The tengu warrior is moderately wounded.
Firing (i - inventory. (,) - cycle):
f - a curare-tipped needle (quivered)
Press: ? - help, Shift-Dir - straight line, f/p - tengu warrior
Aim: a tengu warrior, wielding a long sword, wearing a leather armour and wearing a shiny shield (moderately wounded, slow, poisoned, umbra)
You shoot a curare-tipped needle.
The curare-tipped needle hits the tengu warrior.
The tengu warrior looks even sicker.
The tengu warrior convulses.
The tengu warrior seems to be slow for longer.
The tengu warrior is moderately wounded.
The tengu warrior misses you. The tengu warrior pecks you!
You die... ▓▓▓▓▓▓▓▓▓▓▓▓▓▓▓▓▓▓▓▓▓▓▓▓▓▓▓▓ .F.FD(o.hoQ@†'..[[[)|.†)____ ▓▓▓▓▓▓▓▓▓▓▓▓▓▓▓▓▓▓▓▓▓▓▓▓▓▓▓▓

You could see a tengu warrior, a mottled dragon, a hound, an orc wizard and an orc.

Vanquished Creatures
  An ogre (D)
  A giant frog (D)
  An adder (D)
  A shadow imp (D)
  A giant gecko (D)
  3 bats (D)
  A goblin (D)
  2 hobgoblins (D)
  A ball python (D)
  A giant newt (D)
  2 kobolds (D)
  A rat (D)
16 creatures vanquished.

Notes
Turn   | Place    | Note
--------------------------------------------------------------
     0 | D        | Kidiri the Spriggan Assassin began the quest for the Orb.
     0 | D        | Reached XP level 1. HP: 10/10 MP: 2/2
     7 | D        | Reached skill level 6 in Stealth
     9 | D        | Reached skill level 1 in Short Blades
    80 | D        | Reached XP level 2. HP: 15/15 MP: 3/3
    90 | D        | Reached skill level 7 in Stealth
   340 | D        | Found a glowing silver altar of Zin.
   340 | D        | Found a glowing golden altar of the Shining One.
   340 | D        | Found an ancient bone altar of Kikubaaqudgha.
   340 | D        | Found a basalt altar of Yredelemnul.
   340 | D        | Found a shimmering altar of Xom.
   340 | D        | Found a radiant altar of Vehumet.
   341 | D        | Found an iron altar of Okawaru.
   342 | D        | Found a burning altar of Makhleb.
   343 | D        | Found a deep blue altar of Sif Muna.
   344 | D        | Found a bloodstained altar of Trog.
   345 | D        | Found a sparkling altar of Nemelex Xobeh.
   346 | D        | Found a white marble altar of Elyvilon.
   347 | D        | Found a roughly hewn altar of Beogh.
   348 | D        | Found a viscous altar of Jiyva.
   349 | D        | Found a corrupted altar of Lugonu.
   350 | D        | Found a blossoming altar of Fedhas.
   351 | D        | Found a snail-covered altar of Cheibriados.
   352 | D        | Found a shadowy altar of Dithmenos.
   353 | D        | Found a stormy altar of Qazlal.
   354 | D        | Found an opulent altar of Gozag.
   355 | D        | Found a sacrificial altar of Ru.
   364 | D        | Became a worshipper of Dithmenos the Shadowed
   385 | D        | Noticed an ogre
   385 | D        | Noticed a giant frog
   387 | D        | Killed a giant frog
   387 | D        | Reached skill level 8 in Stealth
   387 | D        | Reached XP level 3. HP: 19/19 MP: 4/4
   387 | D        | Reached XP level 4. HP: 23/23 MP: 5/5
   412 | D        | Killed an ogre
   412 | D        | Reached skill level 5 in Short Blades
   412 | D        | Reached skill level 10 in Stealth
   412 | D        | Reached XP level 5. HP: 19/28 MP: 6/6
   534 | D        | Noticed a giant frog
   534 | D        | Noticed a mottled dragon
   534 | D        | Noticed a hound
   534 | D        | Noticed a tengu warrior
   534 | D        | Noticed an orc wizard
   544 | D        | Slain by a tengu warrior

Vault maps used:
D:        linesprint

Action                   |  1- 3 |  4- 6 || total
-------------------------+-------+-------++-------
Melee: Dagger            |    36 |     8 ||    44
 Fire: Blowgun           |       |    13 ||    13
 Stab: Sleeping          |     5 |       ||     5
